[Event "Najdorf Memorial-A 2022"]
[Site "Warsaw"]
[Date "2022.07.16"]
[Round "8.13"]
[White "Jedrusik, Adam"]
[Black "Padalka, Artem"]
[Result "1-0"]
[ECO "E81"]
[WhiteElo "1960"]
[BlackElo "2204"]
[Annotator "ChessBase"]
[PlyCount "120"]
[EventDate "2022.07.09"]
[EventType "swiss"]
[EventCountry "POL"]
[SourceTitle "playchess.com"]
[Source "ChessBase"]
[SourceQuality "1"]
[TimeControl "40/5400+30:1800+30"]

1. d4 Nf6 2. c4 g6 3. Nc3 Bg7 4. e4 d6 5. f3 O-O 6. Be3 c5 7. Nge2 Nc6 8. d5 Ne5 9. Ng3 h5 10. Be2 a6 11. a4 e6 12. O-O exd5 13. cxd5 Bd7 14. h3 Bc8 15. Qd2 Qa5 16. Bh6 Qb4 17. Bxg7 Kxg7 18. f4 Ned7 19. e5 dxe5 20. fxe5 Nxe5 21. Rf4 Qb6 22. Raf1 Nh7 23. Qe3 Nd7 24. Qe7 Ndf6 25. Nce4 Re8 26. Rxf6 Rxe7 27. Rxb6 h4 28. d6 Re5 29. Bc4 f5 30. d7 Bxd7 31. Rxb7 Nf8 32. Rd1 fxe4 33. Rbxd7+ Nxd7 34. Rxd7+ Kh6 35. Ne2 Rb8 36. b3 Rb6 37. Kf2 e3+ 38. Ke1 Rf6 39. Rd3 a5 40. Rc3 Rff5 41. Ng1 Rf2 42. Rxe3 Ref5 43. Bd3 Rf6 44. Rf3 R6xf3 45. gxf3 Rb2 46. Bc4 Kg5 47. Ne2 Kf5 48. Kf2 g5 49. Ke3 Ke5 50. f4+ gxf4+ 51. Nxf4 Rh2 52. Kf3 Kf5 53. Be6+ Ke5 54. Bg8 Kf5 55. Bc4 Rh1 56. Kg2 Rd1 57. Nd3 Rd2+ 58. Kf3 Rh2 59. Nf2 Kg5 60. Bf1 Kf5 1-0

[Event "Najdorf Memorial-A 2022"]
[Site "Warsaw"]
[Date "2022.07.16"]
[Round "8.14"]
[White "Dalkowski, Rafal"]
[Black "Owoc, Jakub"]
[Result "1-0"]
[ECO "E73"]
[WhiteElo "2120"]
[BlackElo "1756"]
[Annotator "ChessBase"]
[PlyCount "93"]
[EventDate "2022.07.09"]
[EventType "swiss"]
[EventCountry "POL"]
[SourceTitle "playchess.com"]
[Source "ChessBase"]
[SourceQuality "1"]
[TimeControl "40/5400+30:1800+30"]

1. d4 Nf6 2. c4 g6 3. Nc3 Bg7 4. e4 d6 5. Be2 O-O 6. Bg5 c5 7. d5 h6 8. Be3 a6 9. a4 Qa5 10. Bd2 e6 11. h3 Qc7 12. Nf3 exd5 13. exd5 Bf5 14. Nh4 Bd7 15. Qc2 Qd8 16. g3 Qc8 17. g4 Re8 18. Be3 Qd8 19. Ng2 Qa5 20. Bd2 h5 21. Ne3 hxg4 22. hxg4 Nxg4 23. Nxg4 Bxg4 24. Ne4 Qd8 25. Bxg4 f5 26. Bf3 fxe4 27. Bxe4 Qf6 28. Be3 Qxb2 29. Rb1 Qxc2 30. Bxc2 b5 31. Bxg6 Re7 32. Kd2 Nd7 33. axb5 axb5 34. cxb5 Ra2+ 35. Bc2 Nb6 36. Kd1 Re5 37. Kc1 Re7 38. Rg1 Kf7 39. Rg4 Ke8 40. Rg6 Kd7 41. Bb3 Ra5 42. Bxc5 dxc5 43. Rxb6 Ra7 44. Re6 Rf7 45. b6 Rb7 46. Ba4+ Kd8 47. Re8# 1-0

[Event "Najdorf Memorial-A 2022"]
[Site "Warsaw"]
[Date "2022.07.16"]
[Round "8.15"]
[White "Ratajczak, Hubert"]
[Black "Raczek, Krzysztof"]
[Result "0-1"]
[ECO "A10"]
[WhiteElo "1943"]
[BlackElo "2114"]
[Annotator "ChessBase"]
[PlyCount "87"]
[EventDate "2022.07.09"]
[EventType "swiss"]
[EventCountry "POL"]
[SourceTitle "playchess.com"]
[Source "ChessBase"]
[SourceQuality "1"]
[TimeControl "40/5400+30:1800+30"]

1. c4 g6 2. Nc3 Bg7 3. g3 Nf6 4. Bg2 O-O 5. Nf3 d6 6. O-O Nbd7 7. d3 e5 8. b4 a5 9. b5 Re8 10. Nd2 Nf8 11. e3 Rb8 12. Rb1 Be6 13. Nb3 b6 14. e4 N6d7 15. Ne2 Nc5 16. d4 exd4 17. Nbxd4 Bxc4 18. Nc6 Qc8 19. Nxb8 Qxb8 20. Bb2 Bxb5 21. Bxg7 Bxe2 22. Qxe2 Kxg7 23. f4 Nfd7 24. Rbe1 Qd8 25. Qc4 Qe7 26. Bh3 Kg8 27. Qd5 Nf6 28. Qc6 Nfxe4 29. Re3 f5 30. g4 Kh8 31. Qd5 Rf8 32. a4 Qf7 33. Qd4+ Qf6 34. Qd5 Nxa4 35. gxf5 gxf5 36. Qxf5 Qg7+ 37. Qg4 Qd4 38. Qe2 Nac5 39. Kh1 d5 40. Qh5 Nf2+ 41. Rxf2 Qxe3 42. Bf5 Qe1+ 43. Kg2 Qe7 44. Re2 0-1

[Event "Najdorf Memorial-A 2022"]
[Site "Warsaw"]
[Date "2022.07.16"]
[Round "8.16"]
[White "Szewczyk, Mariusz"]
[Black "Kazmierowski, Tymon"]
[Result "1/2-1/2"]
[ECO "B52"]
[WhiteElo "2103"]
[BlackElo "1961"]
[Annotator "ChessBase"]
[PlyCount "69"]
[EventDate "2022.07.09"]
[EventType "swiss"]
[EventCountry "POL"]
[SourceTitle "playchess.com"]
[Source "ChessBase"]
[SourceQuality "1"]
[TimeControl "40/5400+30:1800+30"]

1. e4 c5 2. Nf3 d6 3. Bb5+ Bd7 4. Bxd7+ Nxd7 5. O-O Ngf6 6. Qe2 e6 7. b3 Be7 8. Bb2 O-O 9. c4 Rc8 10. Nc3 a6 11. d4 cxd4 12. Nxd4 Qc7 13. Kh1 Rfe8 14. f4 Bf8 15. Rae1 g6 16. Qf3 Bg7 17. Rd1 Qc5 18. Nc2 Qc6 19. Rd2 Nc5 20. Nd4 Qc7 21. Rfd1 b6 22. Nde2 Rcd8 23. Ng3 Rd7 24. f5 exf5 25. exf5 Rde7 26. Re2 Rxe2 27. Ncxe2 Nfe4 28. Bxg7 Kxg7 29. Nf4 Nxg3+ 30. Qxg3 Ne4 31. Qf3 Qc5 32. Nd3 Qd4 33. fxg6 hxg6 34. Rf1 Re7 35. Qd1 1/2-1/2

[Event "Najdorf Memorial-A 2022"]
[Site "Warsaw"]
[Date "2022.07.16"]
[Round "8.17"]
[White "Niezhentsev, Kyrylo"]
[Black "Vanduyfhuys, Daria"]
[Result "1-0"]
[ECO "A14"]
[WhiteElo "1721"]
[BlackElo "2094"]
[Annotator "ChessBase"]
[PlyCount "63"]
[EventDate "2022.07.09"]
[EventType "swiss"]
[EventCountry "POL"]
[SourceTitle "playchess.com"]
[Source "ChessBase"]
[SourceQuality "1"]
[TimeControl "40/5400+30:1800+30"]

1. c4 Nf6 2. g3 e6 3. Bg2 d5 4. Nf3 Be7 5. O-O O-O 6. d4 dxc4 7. Qc2 a6 8. a4 Bd7 9. Rd1 Bc6 10. Nc3 Qe8 11. e4 b5 12. d5 Bb7 13. dxe6 fxe6 14. axb5 axb5 15. Rxa8 Bxa8 16. Nd4 b4 17. Ncb5 Qh5 18. Rf1 Qc5 19. Nxe6 Qxb5 20. Nxc7 Bxe4 21. Bxe4 Qe5 22. Qxc4+ Kh8 23. Bg2 Rc8 24. Bf4 Rxc7 25. Qxc7 Qxc7 26. Bxc7 Na6 27. Bb6 Kg8 28. Rc1 Kf7 29. Bf1 Nb8 30. Bc4+ Kg6 31. Be6 Bd6 32. Bc7 1-0

[Event "Najdorf Memorial-A 2022"]
[Site "Warsaw"]
[Date "2022.07.17"]
[Round "9.1"]
[White "Lewandrowski, Tomasz"]
[Black "Kaczmarek, Arkadiusz"]
[Result "0-1"]
[ECO "D00"]
[WhiteElo "1902"]
[BlackElo "2147"]
[Annotator "TA"]
[PlyCount "78"]
[EventDate "2022.07.09"]
[EventType "swiss"]
[EventCountry "POL"]
[SourceTitle "playchess.com"]
[Source "ChessBase"]
[SourceQuality "1"]
[TimeControl "40/5400+30:1800+30"]

1. d4 d5 2. Nc3 Nf6 3. Bf4 a6 4. e3 Bf5 5. f3 e6 6. g4 {[%emt 0:00:09] D00: 1 d4 d5: Unusual lines.} Bg6 7. h4 {[%emt 0:00:06] [#] Hoping for h5.} h5 8. g5 {[%emt 0:00:11] The position is equal.} Nfd7 9. Bd3 Bxd3 10. Qxd3 g6 11. e4 c6 12. O-O-O Bg7 13. Nge2 O-O {[%emt 0:03:03] [#]} 14. Kb1 $146 ({Predecessor:} 14. Bd6 Re8 15. f4 Nb6 16. e5 Nc4 17. Bxb8 Rxb8 18. Ng3 Qb6 19. b3 Na3 20. Na4 {0-1 (72) Bifulco,M (2338)-Marcziter,D (2264) Chess.com INT 2021}) 14... b5 15. exd5 (15. Bd6 $11 {keeps the balance.}) 15... cxd5 $17 16. Bd6 Re8 17. Nf4 {[%emt 0:00:39][%cal Of4g6] Nxg6! is the strong threat.} Nf8 18. Be5 Bxe5 19. dxe5 Nc6 20. Qe2 Qc7 21. Rhe1 Nd7 22. Nxh5 gxh5 23. f4 Ne7 {[%emt 0:07:13] Threatens to win with ...Rac8.} (23... b4 24. Qxh5 Ne7 25. Ne2) 24. Qxh5 Nf8 25. Rd2 Qc4 ({Black should try} 25... Qa5 {White must now prevent ...b4.} 26. Red1 Rac8) 26. Nd1 $2 {[%emt 0:03:21] This move loses the game for White.} (26. Qg4 $17) 26... Nfg6 $19 (26... Qxf4 27. Rf2 Qb4 28. Qxf7+ Kh8 29. Rg1 $18) 27. Ne3 Qxf4 28. Ng4 Nf5 (28... Qxd2 $2 29. Nf6+ Kg7 30. Qh6#) 29. Rf2 {[%emt 0:00:53] [#]} Qg3 30. Rh1 (30. Nf6+ {was necessary.} Kf8 31. Qe2 Ngxh4 32. Rd1) 30... Kf8 31. Rff1 Ke7 {[%emt 0:06:43] And now ...Nf4 would win.} 32. Nh6 Nxh6 (32... Ngxh4 $2 33. Qxf7+ Kd8 34. Qb7 Nxh6 35. gxh6 $18) ({Not} 32... Nfxh4 33. Rxf7+ Kd8 34. Ng8 $11) ({Much less strong is} 32... Qxe5 33. Nxf5+ exf5 34. Re1 $18) 33. Qxh6 Rf8 ({Wrong is} 33... Nxe5 $2 34. Rhg1 Qh2 35. Rh1 $19) (33... Qxe5 $2 34. Qh7 Rf8 35. h5 $19) 34. h5 Nxe5 {[%emt 0:01:31] aiming for ...Ng4.} 35. Qf6+ Kd6 36. Rfg1 (36. Rhg1 $142 Qh2 37. Rh1) 36... Qf3 {[%emt 0:01:16] Black is clearly winning.} 37. h6 Qxf6 38. gxf6 Nd7 39. Rg7 Nxf6 {[%emt 0:00:41] Weighted Error Value: White=0.34/Black=0.11 (very precise)} 0-1

[Event "Najdorf Memorial-A 2022"]
[Site "Warsaw"]
[Date "2022.07.17"]
[Round "9.2"]
[White "Vanduyfhuys, Daria"]
[Black "Starosciak, Szymon"]
[Result "1/2-1/2"]
[ECO "D43"]
[WhiteElo "2094"]
[BlackElo "1901"]
[Annotator "TA"]
[PlyCount "127"]
[EventDate "2022.07.09"]
[EventType "swiss"]
[EventCountry "POL"]
[SourceTitle "playchess.com"]
[Source "ChessBase"]
[SourceQuality "1"]
[TimeControl "40/5400+30:1800+30"]

1. d4 d5 2. c4 c6 3. Nf3 Nf6 4. Nc3 e6 5. Bg5 h6 6. Bxf6 Qxf6 7. e3 g6 8. Bd3 {[%emt 0:00:35] D43: Semi-Slav: 5 Bg5 h6.} Bg7 9. O-O O-O 10. e4 Qd8 11. e5 dxc4 12. Bxc4 c5 13. dxc5 Nd7 14. Qe2 Nxc5 15. Rfd1 Qe7 {[%emt 0:09:50] [#]} 16. Rd4 $146 ({Predecessor:} 16. b4 Nd7 17. a3 Nb6 18. Bb5 Bd7 19. Bxd7 Nxd7 20. Qb5 Nb6 21. Ne4 Nd5 22. Rdc1 {½-½ (66) Martirosyan,H (2636)-Mchedlishvili,M (2571) Chess.com INT 2021}) 16... a6 17. b4 Nd7 18. Bb3 {[%emt 0:01:35] [#]} Nb8 (18... Nxe5 $1 $15 19. Nxe5 Qc7) 19. Rad1 $14 Nc6 {[%emt 0:00:48][%csl LRb4,LRd4] [#]} 20. Rd6 Nxb4 {[%emt 0:00:47] [#]} 21. Qe3 (21. Na4 $1 $16) 21... Nc6 (21... a5 $14) 22. Qc5 $16 {[%emt 0:00:23] And now Rxc6 would win. 0x0.001eb8b77ebbdp-1022s more active pieces. The black rooks are badly placed.} Re8 23. Ba4 $2 ({Better is} 23. Ne4 $16) 23... b5 $1 $15 (23... Bd7 24. Ne4 $16) 24. Rxc6 {[%emt 0:04:00] Threatens to win with Qxe7.} ({Much weaker is} 24. Qxc6 Bb7 25. Qd7 bxa4 26. Qxe7 Rxe7 27. Nxa4 Bxf3 28. gxf3 Bxe5 $17) 24... Qxc5 25. Rxc5 bxa4 26. Rc7 ({White should try} 26. Nxa4 Bb7 27. Nb6) 26... Rb8 $17 27. Nxa4 Bb7 28. Rc5 Bd5 29. Ra5 Bxa2 30. Rxa6 Bd5 31. Re1 Rec8 {[%emt 0:02:14] Inhibits Nc5.} 32. h3 (32. Rb6 $17 {was worth a try.}) 32... Rc6 (32... Bxf3 $19 33. gxf3 Rb5) 33. Rxc6 Bxc6 {[%emt 0:00:05] A strong pair of Bishops.} 34. Nc5 Bxf3 35. gxf3 {[%emt 0:00:03][%mdl 4096] Endgame KRB-KRN} Rb5 36. Nd3 Rb3 (36... Rd5 $17 37. Re3 g5) 37. Re3 $11 g5 38. Kg2 Rb5 39. h4 Kh7 40. hxg5 hxg5 41. Kg3 Rd5 42. Kg4 Rd4+ 43. f4 Bh6 44. Rf3 gxf4 45. Kh5 Kg7 46. Rh3 Rd5 47. Kg4 Kh7 48. Rf3 ({But not} 48. Nxf4 Rxe5 49. Ng2 (49. Nd3 Rd5 $17) 49... Re4+ 50. Kf3 f5 $17) 48... Kg8 49. Rh3 Kg7 50. Rf3 Rd4 51. Kh5 Ra4 52. Rh3 Ra1 53. Kg4 Rd1 54. Rf3 Rg1+ 55. Kh4 Rh1+ 56. Kg4 Rg1+ 57. Kh4 Kg6 {[%emt 0:00:34] aiming for ...Kf5.} 58. Nxf4+ {[%emt 0:00:17] The position is equal.} Bxf4 59. Rxf4 {[%emt 0:00:03] KR-KR} Re1 60. Rf6+ Kg7 61. f4 Rg1 62. Kh5 Kf8 63. Kh6 Rg2 64. Kh5 {[%emt 0:01:07] White happily takes the draw.  Weighted Error Value: White=0.14 (very precise) /Black=0.14 (very precise)} 1/2-1/2

[Event "Najdorf Memorial-A 2022"]
[Site "Warsaw"]
[Date "2022.07.17"]
[Round "9.3"]
[White "Harazinska, Magdalena"]
[Black "Pesko, Tomasz"]
[Result "1-0"]
[ECO "E73"]
[WhiteElo "1976"]
[BlackElo "1830"]
[Annotator "TA"]
[PlyCount "95"]
[EventDate "2022.07.09"]
[EventType "swiss"]
[EventCountry "POL"]
[SourceTitle "playchess.com"]
[Source "ChessBase"]
[SourceQuality "1"]
[TimeControl "40/5400+30:1800+30"]

1. d4 Nf6 2. c4 g6 3. Nc3 Bg7 4. e4 d6 5. Be2 O-O 6. Bg5 c5 7. d5 e6 8. dxe6 {E75: King's Indian: Averbakh Variation: 6...c5 7 d5 e6.} Bxe6 9. Nf3 a6 10. O-O {The position is equal.} Nc6 11. Nd5 Bxd5 12. exd5 {[#]} Nb8 $146 ({Predecessor:} 12... Ne7 13. a4 Rb8 14. Bd3 h6 15. Bd2 b5 16. b3 Nd7 17. Rb1 {1-0 (40) Guner,B (2205)-Demirel,T (2310) Turkey 1993}) 13. Qc2 Nbd7 14. h3 Qc7 15. Rfe1 b5 16. cxb5 Nxd5 (16... axb5 $14 17. Bxb5 h6) 17. Qd2 $16 N7b6 18. bxa6 Nb4 {[#]} (18... c4 $16) 19. Bb5 $1 $18 {And now Re7 would win.} Nc8 {Prevents Re7.} 20. a4 Nxa6 {[#]} 21. Rad1 (21. Bh6 $1 $18 ) 21... Qb7 $16 22. b3 {White is more active.} Nc7 23. Bc4 {This bishop pair is nice.} Nb6 24. Be7 ({But not} 24. Qxd6 Nxc4 25. bxc4 Ne6 $11) (24. Bd3 $16) 24... Nxc4 $11 25. bxc4 Rfe8 26. Bxd6 Ne6 27. Qd5 Qa7 28. Ng5 Nxg5 29. Qxg5 Qxa4 (29... Bd4 $1 $11 {remains equal.}) 30. Qxc5 $16 Rec8 31. Qd5 $36 {[%mdl 2048] Black is under strong pressure.} Qxc4 $2 {[%mdl 8192] [#] This costs Black the game.} (31... Bc3 $16) 32. Re8+ $3 $18 Rxe8 33. Qxc4 Ra1 34. Rxa1 Bxa1 35. Qa4 Re1+ 36. Kh2 {Threatens to win with Qa5.} Be5+ 37. Bxe5 Rxe5 {[%mdl 4096] Endgame KQ-KR} 38. Qa8+ Kg7 39. Qa1 f6 40. Qa7+ Kh6 41. Qf7 {White mates.} Rf5 42. f3 Rf4 43. Kg3 Rf5 44. Kf2 Rf4 45. g4 f5 46. Kg3 Ra4 47. Qf8+ Kg5 48. h4# {Weighted Error Value: White=0.13 (very precise) /Black=0.65} 1-0

[Event "Najdorf Memorial-A 2022"]
[Site "Warsaw"]
[Date "2022.07.17"]
[Round "9.4"]
[White "Kaczmarska, Joanna"]
[Black "Siekanska, Zuzanna"]
[Result "0-1"]
[ECO "A06"]
[WhiteElo "1965"]
[BlackElo "1712"]
[Annotator "TA"]
[PlyCount "102"]
[EventDate "2022.07.09"]
[EventType "swiss"]
[EventCountry "POL"]
[SourceTitle "playchess.com"]
[Source "ChessBase"]
[SourceQuality "1"]
[TimeControl "40/5400+30:1800+30"]

1. Nf3 d5 2. g3 e6 3. Bg2 Nf6 4. O-O c5 5. d3 Nc6 6. c4 d4 7. e3 {[%emt 0:01:23] A09: Réti Opening: 1 Nf3 d5 2 c4.} Bd6 8. exd4 cxd4 9. Bg5 {[%emt 0:02:19] The position is equal.} h6 10. Bxf6 Qxf6 11. Nbd2 Qe7 12. Nb3 O-O {[%emt 0:02:59] was the old line (12...e5).} 13. Nfxd4 Nxd4 14. Nxd4 Be5 $1 {[%emt 0:00:41] [#]} 15. Nc2 $146 ({Don't blunder} 15. Qg4 $2 f5 16. Nxf5 exf5 $19) ({Predecessor:} 15. Nb3 Bxb2 16. Rb1 Be5 17. Qd2 Qc7 18. Na5 Rb8 19. Rfc1 Bd4 20. c5 e5 21. Nb3 {½-½ (28) Stephan,J (2555)-Turkov,V (2540) ICCF email 2010}) 15... Bxb2 16. Rb1 Bf6 17. d4 Rd8 18. Rb3 Rb8 19. Rd3 b6 20. Ne3 Bb7 21. d5 Bg5 22. f4 Bf6 23. d6 Qf8 24. Ng4 Bxg2 25. Kxg2 Rbc8 26. f5 e5 $1 ({Don't take} 26... Rxc4 27. fxe6 fxe6 28. Qe2 $16) 27. Nxf6+ gxf6 28. Qg4+ Kh7 ({But not} 28... Qg7 29. Qh4 $14) 29. Rfd1 Rc6 30. d7 Qb4 31. Qh5 Qxc4 32. Rd6 $2 ({White should play} 32. Kh3 $15 Kg7 33. Rd6) 32... Kg7 $2 {[%emt 0:04:01] The board is on fire.} (32... Qxa2+ $2 33. Kh3 Rc2 34. Rh1 $18) ({Better is} 32... Rxd6 $19 33. Rxd6 {[#]} Rxd7 $3 34. Rxd7 Qc6+ 35. Qf3 Qxd7) 33. Kh3 $15 Qe4 34. R1d2 b5 35. Re6 $1 {[%emt 0:02:17] [#] White wants to mate with Re7.} Rxe6 36. fxe6 fxe6 $11 {[%emt 0:00:30][%mdl 4096] Endgame And now ...Qf5+ would win. KQR-KQR} 37. Qe8 $1 Qf5+ 38. Kg2 Qe4+ 39. Kf2 Qb4 40. Rd3 Qc5+ 41. Ke2 $132 {[%emt 0:21:40][%mdl 2048] White is fighting back} Qc2+ 42. Rd2 Qc4+ 43. Kf2 Qc5+ 44. Kg2 $2 (44. Ke2 $11 Qc4+ 45. Ke3 Qc5+ 46. Ke2 Qc4+) 44... Qc6+ $19 45. Kh3 Rxe8 46. dxe8=Q Qxe8 {[%emt 0:00:09] KQ-KR} 47. g4 Qc6 {[%emt 0:00:18] Black mates.} 48. Kh4 e4 49. a4 e3 50. Rb2 bxa4 51. h3 Qf3 {[%emt 0:00:44] Weighted Error Value: White=0.53/Black=0.16 (very precise)} 0-1

[Event "Najdorf Memorial-A 2022"]
[Site "Warsaw"]
[Date "2022.07.17"]
[Round "9.5"]
[White "Iwanczuk, Krzysztof"]
[Black "Kotowicz, Kamil"]
[Result "1-0"]
[ECO "C10"]
[WhiteElo "1947"]
[BlackElo "1770"]
[Annotator "TA"]
[PlyCount "85"]
[EventDate "2022.07.09"]
[EventType "swiss"]
[EventCountry "POL"]
[SourceTitle "playchess.com"]
[Source "ChessBase"]
[SourceQuality "1"]
[TimeControl "40/5400+30:1800+30"]

1. e4 e6 2. d4 d5 3. Nc3 dxe4 4. Nxe4 b6 5. Nf3 Bb7 6. Bb5+ c6 7. Bd3 Nd7 {[%emt 0:00:22] C03: French Tarrasch: Unusual Black 3rd moves.} 8. O-O Ngf6 9. Nxf6+ Nxf6 {[%emt 0:00:11] White is slightly better.} 10. c3 Be7 11. Ne5 O-O 12. Qf3 {[%emt 0:03:03] [#]} Qc8 $146 ({Black should play} 12... Qd5 $14) ({Predecessor:} 12... Qd5 13. Qh3 c5 14. Re1 cxd4 15. Bc4 Qc5 16. Bxe6 Bc8 17. Bxc8 Raxc8 18. Nd3 Qc7 19. cxd4 Nd5 20. Qf3 {½-½ (21) Dittrich,C (1815)-Daug,J (1794) Mecklenburg VP 2013}) 13. Qh3 {[%emt 0:01:09] White is much more active. The black rooks are badly placed.} c5 14. Ng4 (14. Bg5 $16 g6 15. dxc5) 14... g6 $11 15. Bg5 Qd8 16. Ne5 (16. Bxf6 $11 Bxf6 17. dxc5) 16... cxd4 $15 17. c4 (17. Rad1 $15) 17... Nd7 $17 18. Nxd7 Qxd7 ({Don't play} 18... Bxg5 $6 19. Nxf8 Qxf8 20. Qg3 $11) 19. Bh6 Rfe8 20. f4 Bf8 21. Bxf8 Rxf8 22. Rae1 Rac8 23. g4 (23. Qg3 $142) 23... f5 24. Re5 Rc5 25. Rfe1 (25. Re2 $17) 25... Rxe5 26. Rxe5 Qa4 $2 {[%emt 0:12:15] [#]} (26... Be4 $19 {White must now prevent ...fxg4.} 27. g5 (27. Bxe4 $2 fxe4 28. Rxe4 d3 $19) 27... Bb7) 27. gxf5 $11 Qd1+ (27... exf5 $2 28. Re7 Qd1+ 29. Bf1 $18) (27... Qxa2 $2 28. fxg6 Qa1+ 29. Bf1 Qxf1+ 30. Kxf1 $18) 28. Bf1 {[%emt 0:01:16] Hoping for fxg6.} gxf5 29. Rxe6 {[%emt 0:01:08] Threatens to win with Re7.} Kh8 {[%emt 0:00:38] [#]} (29... Be4 $11 {remains equal.} 30. Re7 Rf7 31. Re8+ Rf8 32. Rxf8+ (32. Re7 Rf7 $11) 32... Kxf8 33. Qh6+ Kf7) 30. Qh6 $1 $40 {[%emt 0:01:23][%cal Rh6f8][%mdl 128] White is out for blood. Really sharp!} Rg8+ (30... Qg4+ $16 31. Kf2 Rb8) 31. Kf2 $18 {[%emt 0:00:16] Qf6+ would kill now.} Qc2+ 32. Re2 {[%emt 0:00:46] Intending Qf6+ and mate.} d3 33. Rxc2 dxc2 34. Qf6+ Rg7 35. Qc3 Be4 36. Be2 Kg8 37. Bf3 Bd3 38. Bd5+ Kf8 39. Qf6+ Ke8 40. Bc6+ Rd7 41. Bxd7+ (41. Qg7 $142 Bxc4 42. Bxd7+ Kd8 43. Bc6 Be6 44. Qf6+ Kc7 45. Qxe6 b5 46. Qd7+ Kb6 47. b4 c1=Q 48. Qb7#) 41... Kxd7 42. Qc3 Be4 43. Ke3 {[%emt 0:00:30] Weighted Error Value: White=0.21 (precise) /Black=0.74} 1-0

[Event "Najdorf Memorial-A 2022"]
[Site "Warsaw"]
[Date "2022.07.17"]
[Round "9.7"]
[White "Hertlein, Irena"]
[Black "Lee, Hyo"]
[Result "0-1"]
[ECO "A50"]
[WhiteElo "1850"]
[BlackElo "1818"]
[Annotator "NA COMBH"]
[PlyCount "112"]
[EventDate "2022.07.09"]
[EventType "swiss"]
[EventCountry "POL"]
[SourceTitle "playchess.com"]
[Source "ChessBase"]
[SourceQuality "1"]
[TimeControl "40/5400+30:1800+30"]

1. d4 Nf6 2. c4 g6 3. h4 Bg7 4. Nc3 d6 5. e4 Nc6 6. Nge2 O-O 7. f3 e5 8. d5 Nd4 9. Be3 c5 10. dxc6 Nxc6 11. g4 Be6 12. b3 Rc8 13. Qd2 a6 14. Rd1 Qa5 15. Nb1 Nb4 16. Kf2 Bxg4 17. a3 Nc6 18. Qxa5 Nxa5 19. fxg4 Nxg4+ 20. Kf3 Nxe3 21. Kxe3 Nxb3 22. Nec3 Nd4 23. Nd5 Bh6+ 24. Kd3 Kg7 25. h5 b5 26. cxb5 axb5 27. Rh2 f5 28. hxg6 Rc4 29. gxh7 fxe4+ 30. Kxe4 Nb3+ 31. Kd3 e4+ 32. Ke2 Rc2+ 33. Nd2 Nd4+ 34. Ke1 Bxd2+ 35. Rhxd2 Nf3+ 36. Ke2 Rxd2+ 37. Rxd2 Nxd2 38. Bg2 Nc4 39. Bxe4 Nxa3 40. Kd3 Rb8 41. Kc3 Nc4 42. Kb4 Nb6 43. Nc3 Nc8 44. Nd5 Na7 45. Ne7 Rd8 46. Nf5+ Kh8 47. Nh6 Rd7 48. Bg6 Nc6+ 49. Kxb5 Ne5 50. Be4 d5 51. Bf5 Rd6 52. Ng8 d4 53. Kc5 Rd8 54. Nf6 d3 55. Nd5 d2 56. Bc2 Nd3+ 0-1

[Event "Najdorf Memorial-A 2022"]
[Site "Warsaw"]
[Date "2022.07.17"]
[Round "9.8"]
[White "Kulpa, Zuzanna"]
[Black "Wadelek, Karol"]
[Result "0-1"]
[ECO "E45"]
[WhiteElo "1985"]
[BlackElo "1944"]
[Annotator "TA"]
[PlyCount "102"]
[EventDate "2022.07.09"]
[EventType "swiss"]
[EventCountry "POL"]
[SourceTitle "playchess.com"]
[Source "ChessBase"]
[SourceQuality "1"]
[TimeControl "40/5400+30:1800+30"]

1. d4 Nf6 2. c4 e6 3. Nc3 Bb4 4. e3 b6 5. Nge2 Ba6 6. a3 Bxc3+ {[%emt 0:00:04] 6...Bxc3+ is better than 6...Be7.} 7. Nxc3 d5 8. cxd5 Bxf1 {[%emt 0:03:28] E45: Nimzo-Indian: Rubinstein: 4...b6 5 Ne2 Ba6.} 9. Kxf1 exd5 10. g3 O-O {[%emt 0:00:20] The position is equal.} 11. Kg2 Re8 12. b4 {[%emt 0:05:05] [#]} a6 $146 ({Predecessor:} 12... Nc6 13. Qc2 Ne7 14. Ne2 Qd7 15. h3 Nf5 16. Bd2 Nd6 17. Rhc1 Nc4 18. Qd3 Ne4 {0-1 (47) Yaniuk,V (2227)-Kazakovskiy,V (2495) Chess.com INT 2021}) 13. Re1 Nbd7 14. Qf3 c6 15. Bb2 Qe7 16. Qe2 b5 17. f3 Nb6 18. e4 dxe4 $1 19. Nxe4 Nfd5 20. Qf2 Qf8 21. Nc5 Rxe1 22. Rxe1 a5 23. bxa5 Rxa5 24. Re2 Nc4 {[%emt 0:02:29] Pair of Knights!} 25. Qe1 Ra8 26. Bc1 h6 (26... Nxa3 $2 27. Bxa3 h6 28. Bb4 $18) 27. Nd7 {[%emt 0:05:17] [#]} Qc8 28. Nc5 Kh7 (28... Nxa3 $2 29. Bxa3 Qf5 30. Re8+ Rxe8 31. Qxe8+ $18) 29. Qd1 (29. Ra2 $17) 29... Rxa3 $19 30. Qc2+ Kg8 31. Qe4 {[%emt 0:02:44] Prevents Nde3+. Hoping for Qe8+.} Ra8 {[%emt 0:00:48] And now ...Nc3 would win.} 32. Qd3 {[%emt 0:01:57] Prevents Nc3.} Ra1 33. Qc2 Ra7 34. Nd3 $2 {[%emt 0:02:48] [#]} (34. Kg1) 34... Qd8 (34... Ra3 $142 $1 35. Kg1 (35. g4 f5) 35... Rc3) 35. Ne5 Nxe5 36. Rxe5 Qd7 37. Bd2 b4 38. Qb2 (38. Re2 $142) 38... Rb7 39. Qb3 Ra7 40. Qb2 $1 Ra8 41. Re2 Qf5 {[%emt 0:04:22] aiming for ...Qd3.} 42. Re4 Rb8 43. Qc2 Qd7 {[%emt 0:00:08] Inhibits Re8+.} 44. Qb3 Nf6 45. Rh4 (45. Re2) 45... Qe6 46. Qb2 Qe2+ 47. Kg1 Nd5 (47... Re8 $142 {( -> ...Qd1+)} 48. Qc1 b3 49. Rxh6 b2 50. Qxb2 Qd1+ 51. Kg2 Re2+ 52. Kh3 Qf1+ 53. Kh4 Rxh2+ 54. Kg5 Rxh6 55. Qb8+ Kh7 56. Qb3 Nd5 57. Qxd5 cxd5 58. Kg4 Qh3+ 59. Kf4 Re6 60. g4 Qh2+ 61. Kg5 Qh6+ 62. Kf5 g6#) 48. Qc1 {[%emt 0:01:31] Prevents Qd1+.} (48. Re4 $142 Qxf3 49. Re1) 48... b3 49. Bxh6 b2 {[%emt 0:00:50] Black mates.} 50. Qb1 gxh6 51. Rg4+ Kf8 {[%emt 0:00:57] Weighted Error Value: White=0.66/Black=0.32} 0-1

[Event "Najdorf Memorial-A 2022"]
[Site "Warsaw"]
[Date "2022.07.17"]
[Round "9.9"]
[White "Lasota, Adam"]
[Black "Pettersson, Alexander"]
[Result "1-0"]
[ECO "D00"]
[WhiteElo "1892"]
[BlackElo "1968"]
[Annotator "TA"]
[PlyCount "23"]
[EventDate "2022.07.09"]
[EventType "swiss"]
[EventCountry "POL"]
[SourceTitle "playchess.com"]
[Source "ChessBase"]
[SourceQuality "1"]
[TimeControl "40/5400+30:1800+30"]

1. d4 d5 2. Bf4 c5 3. e3 cxd4 4. exd4 Nc6 5. c3 f6 6. Nf3 {Prevents e5. B13: Caro-Kann: Exchange Variation and Panov-Botvinnik Attack.} Bg4 7. Be2 e6 8. h3 {The position is equal.} Bh5 {[#]} 9. Qb3 $146 ({Predecessor:} 9. O-O Bd6 10. Bxd6 Qxd6 11. c4 Nge7 12. Nc3 O-O 13. c5 Qd7 14. a3 Rad8 15. b4 {1-0 (29) Moroni,L (2588)-Solon,N (2306) Chess.com INT 2022}) 9... Qd7 10. Nbd2 Bd6 $2 {[%mdl 8192] [#]} (10... Bf7 $11) 11. Bxd6 $18 Qxd6 12. Qxb7 {Black got outplayed after the opening.  Weighted Error Value: White=0.04 (flawless) /Black=0.99} 1-0